[Event "Titled Tuesday Blitz March 15 Early 2022"]
[White "Zheenbekov, Nurgazy"]
[Black "Goriatchkin, Jouri"]
[WhiteFideId "13800485"]
[BlackFideId "4120183"]
[WhiteElo "1959"]
[BlackElo "1166"]
[Result "1/2-1/2"]
[Round "10"]
[TimeControl "180+1"]
[Date "2022.03.15"]
[WhiteClock "0:00:04"]
[BlackClock "0:00:07"]

1. e4 c6 2. d4 d5 3. exd5 cxd5 4. Bd3 Nc6 5. c3 Nf6 6. h3 g6 7. Nf3 Bg7 8. O-O O-O 9. Bf4 Bf5 10. Ne1 Bxd3 11. Nxd3 a6 12. Nd2 b5 13. Re1 a5 14. a3 e6 15. b4 axb4 16. axb4 Qb6 17. Nc5 Ra7 18. Rxa7 Qxa7 19. Ndb3 Nd7 20. Qe2 Nxc5 21. Nxc5 Qa3 22. Qxb5 Qxc3 23. Rc1 Nxd4 24. Rxc3 Nxb5 25. Rc1 e5 26. Nd7 Re8 27. Bg5 d4 28. Rc5 Nc3 29. Rc7 h6 30. Bf6 Nd5 31. Rc6 Nxf6 32. Nxf6+ Bxf6 33. Rxf6 Rb8 34. f4 exf4 35. Rxf4 Rxb4 36. Re4 Kg7 37. Re5 Kf6 38. Rc5 Rb1+ 39. Kf2 Ke6 40. Kf3 Rb8 41. Rc7 Rd8 42. Ke2 Kf6 43. Kd3 Ke6 44. Rc5 f6 45. Rb5 g5 46. g4 Rd5 47. Rb6+ Ke5 48. Ra6 Kf4 49. Rxf6+ Kg3 50. Rxh6 Rd8 51. Rh5 Kf4 52. Rh7 Rd5 53. Rf7+ Kg3 54. Rf5 Rd8 55. Rxg5 Kxh3 56. Rg7 Kh4 57. g5 Kh5 58. Kd2 Rd6 59. Rg8 Rg6 60. Rxg6 Kxg6 61. Kd3 Kxg5 62. Kxd4 1/2-1/2


[Site "https://www.chess.com"]

[Event "Titled Tuesday Blitz March 15 Early 2022"]
[White "Zhigalko, Sergei"]
[Black "Dushyant Sharma"]
[WhiteFideId "13502956"]
[BlackFideId "25065130"]
[WhiteElo "2662"]
[BlackElo "2105"]
[Result "1-0"]
[Round "10"]
[TimeControl "180+1"]
[Date "2022.03.15"]
[WhiteClock "0:01:25"]
[BlackClock "0:01:57"]

1. e4 d5 2. exd5 Nf6 3. d4 Bg4 4. Bb5+ c6 5. dxc6 Nxc6 6. Nf3 e6 7. h3 Bh5 8. c3 Be7 9. O-O O-O 10. Re1 Rc8 11. Nbd2 a6 12. Be2 h6 13. Nc4 Nd5 14. Nfe5 Nxe5 15. Nxe5 Bxe2 16. Qxe2 b5 17. Qg4 Kh7 18. Bd2 Bf6 19. Qe4+ Kg8 20. Nd3 b4 21. cxb4 Nb6 22. Bc3 Na4 23. Rac1 Qd6 24. Nc5 Rfd8 25. Nxa4 1-0


[Site "https://www.chess.com"]

[Event "Titled Tuesday Blitz March 15 Early 2022"]
[White "volunteers1998"]
[Black "Kett, Tim"]
[BlackFideId "1801210"]
[WhiteElo "2264"]
[BlackElo "2098"]
[Result "1-0"]
[Round "10"]
[TimeControl "180+1"]
[Date "2022.03.15"]
[WhiteClock "0:00:58"]
[BlackClock "0:00:03"]

1. e4 e5 2. Nf3 Nc6 3. Bc4 Nf6 4. Ng5 d5 5. exd5 Na5 6. Bb5+ c6 7. dxc6 bxc6 8. Qf3 Rb8 9. Bxc6+ Nxc6 10. Qxc6+ Nd7 11. d3 Be7 12. Ne4 Rb6 13. Qa4 O-O 14. Nbc3 f5 15. Ng3 Bb7 16. O-O Bc5 17. Be3 f4 18. Bxc5 Nxc5 19. Qc4+ Ne6 20. Nge4 f3 21. Nc5 Qg5 22. g3 Qh6 23. Nxe6 Rxe6 24. h4 Kh8 25. Ne4 Rg6 26. Kh2 Rg4 27. Rh1 Rxh4+ 28. gxh4 Rf4 29. Kg1 Rxh4 30. Rxh4 Qxh4 31. Qe6 1-0


[Site "https://www.chess.com"]

[Event "Titled Tuesday Blitz March 15 Early 2022"]
[White "Andreikin, Dmitry"]
[Black "Dubov, Daniil"]
[WhiteFideId "4158814"]
[BlackFideId "24126055"]
[WhiteElo "2736"]
[BlackElo "2791"]
[Result "1/2-1/2"]
[Round "11"]
[TimeControl "180+1"]
[Date "2022.03.15"]
[WhiteClock "0:01:30"]
[BlackClock "0:01:59"]

1. d4 Nf6 2. c4 c6 3. Nc3 d5 4. Nf3 dxc4 5. g3 g6 6. Bg2 Bg7 7. O-O O-O 8. e4 b5 9. e5 Nd5 10. Bg5 Bf5 11. Qd2 b4 12. Na4 Na6 13. Rfc1 Qa5 14. Qd1 c3 15. Nh4 c2 16. Rxc2 Qxa4 17. Nxf5 gxf5 18. Rac1 e6 19. Qh5 b3 20. Rc4 Qxa2 21. Bxd5 cxd5 22. Bh6 Bxh6 23. Qxh6 dxc4 24. Qg5+ Kh8 25. Qf6+ Kg8 26. Qg5+ Kh8 27. Qf6+ Kg8 28. Qg5+ 1/2-1/2


[Site "https://www.chess.com"]

[Event "Titled Tuesday Blitz March 15 Early 2022"]
[White "Avazkhonov, Alikhon"]
[Black "Orlov, Georgi"]
[WhiteFideId "14208504"]
[BlackFideId "2011271"]
[WhiteElo "1739"]
[BlackElo "2539"]
[Result "0-1"]
[Round "11"]
[TimeControl "180+1"]
[Date "2022.03.15"]
[WhiteClock "0:00:03"]
[BlackClock "0:00:39"]

1. f4 d5 2. Nf3 Bg4 3. e3 Nd7 4. d4 e6 5. Bd3 Ngf6 6. h3 Bf5 7. O-O Be7 8. c4 c6 9. Nc3 Ne4 10. Bxe4 Bxe4 11. Nxe4 dxe4 12. Ne5 O-O 13. Qc2 f5 14. Bd2 Nxe5 15. fxe5 c5 16. Bc3 Bg5 17. Rae1 Qc7 18. d5 Qd7 19. d6 a6 20. b3 b5 21. Bb2 Qc6 22. g3 Bh6 23. Rf2 Rf7 24. g4 Raf8 25. Bc1 fxg4 26. Rxf7 Rxf7 27. hxg4 Rf3 28. Rf1 Rg3+ 29. Kh2 Rxg4 30. Qe2 Rg5 31. Rg1 Rf5 32. Qg4 Qe8 33. Rg3 Rf2+ 34. Kg1 Rc2 35. Qxe4 Rxc1+ 36. Kg2 Rd1 37. Qf3 Rd2+ 38. Kg1 Qf7 39. Qa8+ Qf8 40. Qb7 Qf2+ 0-1


[Site "https://www.chess.com"]

[Event "Titled Tuesday Blitz March 15 Early 2022"]
[White "Borodavkin, Anatoly"]
[Black "Farmani Anosheh, Armin"]
[WhiteFideId "14150662"]
[BlackFideId "24613240"]
[WhiteElo "1845"]
[BlackElo "2289"]
[Result "1/2-1/2"]
[Round "11"]
[TimeControl "180+1"]
[Date "2022.03.15"]
[WhiteClock "0:00:15"]
[BlackClock "0:00:10"]

1. e4 c5 2. Nc3 d6 3. g3 Nc6 4. Bg2 g6 5. d3 Bg7 6. f4 e6 7. Nf3 Nge7 8. Be3 Nd4 9. O-O O-O 10. e5 Nef5 11. Bf2 Nxf3+ 12. Qxf3 Nd4 13. Qd1 dxe5 14. fxe5 Bxe5 15. Ne4 f5 16. Nxc5 Qc7 17. b4 Rb8 18. c3 Nb5 19. d4 Bg7 20. Qb3 Kh8 21. a4 Nd6 22. Rae1 b6 23. Nxe6 Bxe6 24. Rxe6 Rbc8 25. Rfe1 Ne4 26. Bxe4 fxe4 27. R6xe4 Qxc3 28. Qxc3 Rxc3 29. Re8 Kg8 30. d5 Rd3 31. R8e7 Rxd5 32. Rxa7 Rd2 33. Bxb6 Rc8 34. b5 h5 35. Rc7 Bd4+ 36. Kh1 Rf8 37. Bxd4 Rxd4 38. Ree7 Rf2 39. Re1 Rdd2 40. b6 Rxh2+ 41. Kg1 Rdg2+ 42. Kf1 Rf2+ 43. Kg1 Rfg2+ 44. Kf1 Rf2+ 45. Kg1 Rfg2+ 1/2-1/2


[Site "https://www.chess.com"]

[Event "Titled Tuesday Blitz March 15 Early 2022"]
[White "Brunner, Nicolas"]
[Black "Prohorov, Olexandr"]
[WhiteFideId "620246"]
[BlackFideId "14105578"]
[WhiteElo "2372"]
[BlackElo "1993"]
[Result "1-0"]
[Round "11"]
[TimeControl "180+1"]
[Date "2022.03.15"]
[WhiteClock "0:00:15"]
[BlackClock "0:00:02"]

1. d4 g6 2. e4 Bg7 3. Nc3 c6 4. Nf3 d5 5. h3 dxe4 6. Nxe4 Nd7 7. Bc4 Ngf6 8. Nxf6+ Nxf6 9. O-O O-O 10. Re1 Nd5 11. c3 b5 12. Bb3 a5 13. a3 Bb7 14. Ne5 Qc7 15. Nd3 Rad8 16. Bg5 a4 17. Ba2 Rfe8 18. Qe2 Bc8 19. Rad1 Bf5 20. Bh4 Qa7 21. Bg3 Bxd3 22. Rxd3 e6 23. Qf3 c5 24. dxc5 Qxc5 25. Red1 h5 26. Bxd5 exd5 27. Rxd5 Re1+ 28. Rxe1 Qxd5 29. Re8+ Kh7 30. Qxd5 Rxd5 31. Rb8 Be5 32. Bxe5 Rxe5 33. Kf1 Kg7 34. Rb6 Kh6 35. f4 Rd5 36. Ke2 Kg7 37. Ke3 Kf8 38. g3 h4 39. gxh4 Rh5 40. Ke4 Ke7 41. c4 bxc4 42. Rb4 Rxh4 43. Rxc4 g5 44. Kf5 gxf4 45. Rxf4 Rxh3 46. Rxa4 Rb3 47. Re4+ Kd6 48. Re2 Rf3+ 49. Ke4 Rb3 50. Kd4 f5 51. Kc4 Rb8 52. b4 1-0


[Site "https://www.chess.com"]

[Event "Titled Tuesday Blitz March 15 Early 2022"]
[White "Bryakin, Mikhail"]
[Black "Jeet, Jain"]
[WhiteFideId "4165314"]
[BlackFideId "5073022"]
[WhiteElo "2417"]
[BlackElo "2085"]
[Result "1-0"]
[Round "11"]
[TimeControl "180+1"]
[Date "2022.03.15"]
[WhiteClock "0:00:48"]
[BlackClock "0:00:13"]

1. e4 c6 2. Nc3 d5 3. Nf3 dxe4 4. Nxe4 Nf6 5. Qe2 Nxe4 6. Qxe4 Nd7 7. d4 Nf6 8. Qh4 Bf5 9. c3 e6 10. Be2 Be7 11. O-O h6 12. Qg3 Nh5 13. Qe5 Bd6 14. Qe3 Bf4 15. Qxf4 Nxf4 16. Bxf4 O-O 17. h3 Qb6 18. b3 a5 19. Bd6 Rfd8 20. Bc5 Qc7 21. Rfd1 a4 22. Rdc1 b6 23. Ba3 c5 24. dxc5 bxc5 25. b4 c4 26. Nd4 Bd3 27. Bf3 e5 28. Bxa8 Rxa8 29. Nf3 Be4 30. Nd2 Bd5 31. Re1 f6 32. Nf1 f5 33. Rad1 Be4 34. Ng3 Bd3 35. Bc1 e4 36. Nh5 g5 37. Be3 Qf7 38. g4 fxg4 39. hxg4 Qf3 40. Kh2 Rf8 41. Rg1 Qe2 42. a3 Rf3 43. Rde1 Qb2 44. Bd4 Rxf2+ 45. Bxf2 Qxf2+ 46. Kh3 e3 47. Ng3 h5 48. gxh5 Kh7 49. b5 Qf4 50. b6 g4+ 51. Kh2 Qf2+ 52. Kh1 Qf6 53. Rxe3 Qxb6 54. Rge1 Qc6+ 55. Kh2 Qb5 56. Re7+ Kg8 57. Re8+ Kf7 58. R8e7+ Kf6 59. R1e6+ Kg5 60. Re5+ 1-0


[Site "https://www.chess.com"]

[Event "Titled Tuesday Blitz March 15 Early 2022"]
[White "Buscar, Michael"]
[Black "Bettalli, Francesco"]
[WhiteFideId "2603616"]
[BlackFideId "2816453"]
[WhiteElo "2010"]
[BlackElo "2216"]
[Result "0-1"]
[Round "11"]
[TimeControl "180+1"]
[Date "2022.03.15"]
[WhiteClock "0:01:48"]
[BlackClock "0:02:14"]

1. c4 g6 2. Nf3 c5 3. g3 Bg7 4. Bg2 Nc6 5. d3 d6 6. Nc3 e6 7. e4 Nge7 8. Be3 O-O 9. Qd2 b6 10. Bh6 Bb7 11. h4 f6 12. h5 Bxh6 13. Qxh6 g5 14. Nxg5 fxg5 15. Qxg5+ Kh8 16. h6 Ng6 17. Qg4 Qf6 18. f4 Nd4 19. O-O-O a6 20. e5 Qf7 21. Bxb7 Qxb7 22. exd6 b5 23. Ne4 bxc4 24. Nxc5 Qg2 25. Kb1 c3 26. bxc3 Rab8+ 27. Nb3 Qc2+ 28. Ka1 Rxb3 0-1


[Site "https://www.chess.com"]

[Event "Titled Tuesday Blitz March 15 Early 2022"]
[White "Coto Mederos, Michel"]
[Black "Guseva, Marina"]
[WhiteFideId "3508528"]
[BlackFideId "4149351"]
[WhiteElo "2427"]
[BlackElo "2160"]
[Result "0-1"]
[Round "11"]
[TimeControl "180+1"]
[Date "2022.03.15"]
[WhiteClock "0:00:01"]
[BlackClock "0:00:19"]

1. c4 Nf6 2. Nc3 e6 3. e4 c5 4. e5 Ng8 5. Nf3 Nc6 6. d4 cxd4 7. Nxd4 Nxe5 8. Bf4 Ng6 9. Bg3 a6 10. h4 N6e7 11. Be2 Nc6 12. O-O Nf6 13. Qd2 Be7 14. Rad1 O-O 15. Rfe1 Qb6 16. Nb3 Rd8 17. Bf3 d6 18. h5 h6 19. Bf4 e5 20. Be3 Qc7 21. Nd5 Nxd5 22. cxd5 Nb8 23. Rc1 Qd7 24. Na5 Qf5 25. Rc7 Nd7 26. Rec1 Bg5 27. Bxg5 hxg5 28. Qb4 Nf6 29. Nc4 e4 30. Be2 Nxd5 31. Qa5 Nxc7 32. Qxc7 Be6 33. Nxd6 Qf4 34. Nxb7 Rdc8 35. Qc6 Qxc1+ 36. Qxc1 Rxc1+ 37. Kh2 Bxa2 38. Nd6 Rc2 39. Bg4 Rxb2 40. Nxe4 Bd5 41. Nc3 Be6 42. Bf3 Rc8 43. Ne4 a5 0-1


[Site "https://www.chess.com"]

[Event "Titled Tuesday Blitz March 15 Early 2022"]
[White "Csonka, Balazs"]
[Black "Lou, Yiping"]
[WhiteFideId "742910"]
[BlackFideId "8603928"]
[WhiteElo "2404"]
[BlackElo "2412"]
[Result "1-0"]
[Round "11"]
[TimeControl "180+1"]
[Date "2022.03.15"]
[WhiteClock "0:00:09"]
[BlackClock "0:00:33"]

1. d4 e6 2. Nf3 d5 3. c4 Nf6 4. Nc3 Be7 5. g3 O-O 6. Bg2 c6 7. O-O b6 8. Ne5 Bb7 9. e4 Na6 10. Re1 Bb4 11. Bg5 dxc4 12. Nxc4 h6 13. Bxf6 Qxf6 14. a3 Bxc3 15. bxc3 Qe7 16. a4 Rfd8 17. Qc2 Rac8 18. Rad1 Nc7 19. e5 Ne8 20. Qe4 Ba6 21. Ne3 Qa3 22. Qc2 Qe7 23. c4 Bb7 24. c5 Nc7 25. Nc4 Nd5 26. Nd6 Rb8 27. Rb1 Ba8 28. Rb3 Qc7 29. Rc1 Ne7 30. Be4 Kf8 31. Rf3 Nf5 32. Bxf5 exf5 33. Qxf5 Kg8 34. Nxf7 Rf8 35. e6 bxc5 36. dxc5 Qe7 37. Qg6 Rbe8 38. Nxh6+ Kh8 39. Nf7+ Kg8 40. Qh5 1-0


[Site "https://www.chess.com"]

[Event "Titled Tuesday Blitz March 15 Early 2022"]
[White "Deac, Bogdan-Daniel"]
[Black "Bok, Benjamin"]
[WhiteFideId "1226380"]
[BlackFideId "1017063"]
[WhiteElo "2646"]
[BlackElo "2658"]
[Result "1-0"]
[Round "11"]
[TimeControl "180+1"]
[Date "2022.03.15"]
[WhiteClock "0:00:23"]
[BlackClock "0:00:02"]

1. d4 d5 2. c4 c6 3. Nf3 Nf6 4. Nc3 e6 5. Bg5 h6 6. Bxf6 Qxf6 7. e3 g6 8. Be2 Bg7 9. O-O O-O 10. Ne5 Qe7 11. f4 dxc4 12. Bxc4 Rd8 13. Ne4 b6 14. Qb3 Bb7 15. Nxf7 Kxf7 16. f5 gxf5 17. Rxf5+ Kg6 18. Bxe6 Bc8 19. Bxc8 Rxc8 20. Ng3 Re8 21. Qc2 Kh7 22. Re5+ Kh8 23. Rxe7 Rxe7 24. Nf5 Rf7 25. Nxg7 Rxg7 26. Rf1 Nd7 27. Qxc6 Rag8 28. Qxh6+ Rh7 29. Qd6 Rhg7 30. g3 b5 31. Rf5 Rh7 32. Rxb5 Nb6 33. Qf6+ Rgg7 34. Rg5 Kg8 35. Qe6+ Kf8 36. Rf5+ Rf7 37. d5 Rxf5 38. Qxf5+ Rf7 39. Qg5 Nc4 40. e4 Re7 41. Qf6+ Rf7 42. Qd8+ Kg7 43. d6 Kg6 44. d7 Ne3 45. Qg8+ Kf6 46. d8=Q+ 1-0


[Site "https://www.chess.com"]

[Event "Titled Tuesday Blitz March 15 Early 2022"]
[White "Demchenko, Anton"]
[Black "Bortnyk, Olexandr"]
[WhiteFideId "4160258"]
[BlackFideId "14120828"]
[WhiteElo "2539"]
[BlackElo "2723"]
[Result "0-1"]
[Round "11"]
[TimeControl "180+1"]
[Date "2022.03.15"]
[WhiteClock "0:00:09"]
[BlackClock "0:00:17"]

1. e4 d6 2. d4 Nf6 3. Nc3 e5 4. dxe5 dxe5 5. Qxd8+ Kxd8 6. Nf3 Bd6 7. Bg5 c6 8. Bc4 Ke7 9. a4 Be6 10. Nd2 Bb4 11. f3 Bxc3 12. bxc3 Nd7 13. a5 b5 14. axb6 axb6 15. Ke2 b5 16. Bxe6 Kxe6 17. Be3 Rhc8 18. c4 Ne8 19. Rxa8 Rxa8 20. cxb5 cxb5 21. c4 bxc4 22. Nxc4 Ra2+ 23. Nd2 Nd6 24. Rc1 f5 25. Rc6 fxe4 26. fxe4 Nb8 27. Rb6 Nd7 28. Rc6 Nf6 29. Kf3 Kd7 30. Rc5 Ke6 31. Rc6 Kd7 32. Rc5 Ra3 33. Ke2 Ng4 34. Bg1 Ra2 35. Kd3 Rxd2+ 36. Kxd2 Nxe4+ 37. Ke2 Nxc5 38. h3 Ne6 39. hxg4 Kd6 40. Be3 Kd5 41. Kf3 g6 42. Bh6 Kd4 43. Be3+ Kd3 44. Bc1 e4+ 45. Kf2 Nd4 46. Bh6 Nc2 47. Kg3 e3 48. Bxe3 Kxe3 49. Kh4 Kf4 50. g5 Ne3 51. g3+ Kf5 52. g4+ Nxg4 53. Kg3 Kxg5 54. Kf3 h5 55. Ke2 h4 56. Kf1 Kf4 57. Kg2 g5 58. Kh1 Kg3 59. Kg1 h3 60. Kh1 Nf2+ 61. Kg1 h2+ 62. Kf1 h1=Q+ 0-1


[Site "https://www.chess.com"]

[Event "Titled Tuesday Blitz March 15 Early 2022"]
[White "Esipenko, Andrey"]
[Black "Nakamura, Hikaru"]
[WhiteFideId "24175439"]
[BlackFideId "2016192"]
[WhiteElo "2617"]
[BlackElo "2850"]
[Result "0-1"]
[Round "11"]
[TimeControl "180+1"]
[Date "2022.03.15"]
[WhiteClock "0:00:02"]
[BlackClock "0:00:34"]

1. e4 e5 2. Nf3 Nc6 3. Bc4 Bc5 4. c3 Nf6 5. d3 d6 6. O-O a6 7. a4 Ba7 8. Re1 O-O 9. Nbd2 h6 10. Nf1 Re8 11. Ng3 Be6 12. Bxe6 Rxe6 13. b4 Qd7 14. Be3 Bxe3 15. Rxe3 Rae8 16. b5 axb5 17. axb5 Ne7 18. Qb3 d5 19. c4 d4 20. Ree1 Qc8 21. Ra7 Nd7 22. Qa3 c6 23. Rb1 cxb5 24. Rxb5 b6 25. h3 Nc5 26. Nf5 Nc6 27. Rxb6 Nxa7 28. Qxa7 Rxb6 29. Qxb6 Nxd3 30. Qb5 Re6 31. Nd2 Nc5 32. Nb3 Nxe4 33. c5 h5 34. Qd3 Qa8 35. f3 Nf6 36. Nd6 Qd5 37. Nd2 0-1


[Site "https://www.chess.com"]

[Event "Titled Tuesday Blitz March 15 Early 2022"]
[White "Fathy, Elameir"]
[Black "Kanyamarala, Tarun"]
[WhiteFideId "10600396"]
[BlackFideId "45004714"]
[WhiteElo "2311"]
[BlackElo "2075"]
[Result "0-1"]
[Round "11"]
[TimeControl "180+1"]
[Date "2022.03.15"]
[WhiteClock "0:00:02"]
[BlackClock "0:00:13"]

1. d4 f5 2. c4 Nf6 3. Nf3 g6 4. g3 Bg7 5. Bg2 O-O 6. O-O d6 7. Nc3 Qe8 8. Re1 h6 9. e4 Nxe4 10. Nxe4 fxe4 11. Rxe4 Bf5 12. Re3 Nc6 13. a3 Bg4 14. d5 Ne5 15. h3 Nxf3+ 16. Bxf3 Bxh3 17. Qe2 Qf7 18. Bg2 Bxg2 19. Kxg2 Bd4 20. Rxe7 Qxf2+ 21. Qxf2 Rxf2+ 22. Kh3 Rf7 23. Rxf7 Kxf7 24. Bd2 g5 25. Rf1+ Kg6 26. Re1 Be5 27. Bc3 Re8 28. c5 Kf7 29. Rf1+ Kg7 30. Re1 Re7 31. Kg4 Kg6 32. Kh3 h5 33. b4 Kf7 34. Rf1+ Ke8 35. Bd2 dxc5 36. bxc5 g4+ 37. Kh4 Rd7 38. Re1 Re7 39. Kxh5 Bxg3 40. Rb1 b6 41. Kxg4 Be5 42. d6 cxd6 43. cxb6 axb6 44. Rxb6 Ra7 45. Bb4 Ra4 46. Kf5 Kd7 47. Rb5 Ra8 48. Ke4 Ke6 49. Rb6 Rg8 50. Kd3 Kd5 51. Rb5+ Kc6 52. Ra5 Rg3+ 53. Ke4 Rg4+ 54. Kf5 Rf4+ 55. Ke6 Rf6+ 56. Ke7 Rh6 57. Kd8 Bf6+ 58. Ke8 Be5 59. Kf7 Rf6+ 60. Ke7 Rh6 61. Ra6+ Kd5 62. Ra8 Rh7+ 0-1


[Site "https://www.chess.com"]

[Event "Titled Tuesday Blitz March 15 Early 2022"]
[White "Fernandez Guillen, Ernesto J."]
[Black "Khabinets, Ivan"]
[WhiteFideId "3512428"]
[BlackFideId "14115980"]
[WhiteElo "2380"]
[BlackElo "2114"]
[Result "1-0"]
[Round "11"]
[TimeControl "180+1"]
[Date "2022.03.15"]
[WhiteClock "0:00:12"]
[BlackClock "0:00:07"]

1. e4 c5 2. Nf3 d6 3. d4 cxd4 4. Nxd4 e5 5. Nb3 Nf6 6. Nc3 Be7 7. Bg5 Nbd7 8. Bxf6 Nxf6 9. Bd3 Be6 10. O-O O-O 11. Qe2 Rc8 12. Rfd1 a6 13. Nd2 b5 14. a3 Qb6 15. h3 Rfd8 16. Nb3 Bc4 17. Nd5 Nxd5 18. exd5 Bxb3 19. cxb3 g6 20. a4 bxa4 21. Bxa6 Rb8 22. bxa4 Qxb2 23. Qxb2 Rxb2 24. Bb5 Ra8 25. Bc6 Ra5 26. Rdb1 Rxb1+ 27. Rxb1 Ra7 28. Rb8+ Kg7 29. f3 f5 30. Kf2 Bf6 31. Ke3 Kf7 32. Kd3 Kg7 33. Kc4 e4 34. fxe4 fxe4 35. Re8 Be5 36. g4 Kf7 37. h4 Rc7 38. Ra8 Re7 39. a5 Bh2 40. Rh8 Kf6 41. Rf8+ Ke5 42. a6 Bg1 43. Rf1 Bc5 44. Rb1 Kf4 45. Rb5 Kxg4 46. Rxc5 dxc5 47. d6 Ra7 48. d7 Rxa6 49. d8=Q e3 50. Qd7+ Kxh4 51. Qe7+ g5 52. Qxe3 Ra7 53. Qe4+ Kh5 54. Kxc5 Rg7 55. Be8+ Rg6 56. Bxg6+ hxg6 57. Qg2 g4 58. Kd4 Kg5 59. Ke3 Kh4 60. Kf4 g3 61. Qxg3+ Kh5 62. Qg5# 1-0


[Site "https://www.chess.com"]

[Event "Titled Tuesday Blitz March 15 Early 2022"]
[White "Fiorito, Fabian"]
[Black "Jaferian, Koosha"]
[WhiteFideId "100200"]
[BlackFideId "12507440"]
[WhiteElo "2395"]
[BlackElo "2030"]
[Result "0-1"]
[Round "11"]
[TimeControl "180+1"]
[Date "2022.03.15"]
[WhiteClock "0:00:10"]
[BlackClock "0:00:26"]

1. d4 Nf6 2. Nc3 d5 3. Bf4 g6 4. e3 Bg7 5. h4 h5 6. f3 c5 7. Qd2 cxd4 8. exd4 a6 9. O-O-O Nc6 10. Be5 Bf5 11. a3 Rc8 12. Kb1 Na5 13. Bd3 Nc4 14. Bxc4 Rxc4 15. Nge2 b5 16. Nf4 e6 17. Rhe1 O-O 18. g4 hxg4 19. h5 Nxh5 20. Nxh5 gxh5 21. Rh1 f6 22. Bf4 Bg6 23. fxg4 hxg4 24. Bh6 Qc7 25. Rde1 a5 26. Bxg7 Qxg7 27. Rxe6 b4 28. Nxd5 Rxc2 29. Qxc2 Bxc2+ 30. Kxc2 Qg6+ 31. Kb3 Qd3+ 32. Ka4 Qxd4 33. Rd6 bxa3+ 34. Kxa3 Qc5+ 0-1


[Site "https://www.chess.com"]

[Event "Titled Tuesday Blitz March 15 Early 2022"]
[White "Foisor, Sabina-Francesca"]
[Black "volunteers1998"]
[WhiteFideId "1212915"]
[WhiteElo "2243"]
[BlackElo "2271"]
[Result "1-0"]
[Round "11"]
[TimeControl "180+1"]
[Date "2022.03.15"]
[WhiteClock "0:00:19"]
[BlackClock "0:00:01"]

1. d4 f5 2. g3 Nf6 3. Bg2 g6 4. c4 Bg7 5. Nh3 O-O 6. O-O d6 7. d5 e5 8. dxe6 Nc6 9. Nc3 Bxe6 10. Nd5 Qd7 11. Ng5 Bxd5 12. cxd5 Ne5 13. Ne6 Rfe8 14. Nxg7 Kxg7 15. Qd4 c6 16. dxc6 bxc6 17. Bg5 Ne4 18. Rad1 Nxg5 19. f4 Ne6 20. Qc3 Qc7 21. fxe5 dxe5 22. Qxc6 Rad8 23. Rxd8 Qxc6 24. Bxc6 Rxd8 25. e3 Rd2 26. Rf2 Rxf2 27. Kxf2 e4 28. b4 Kf6 29. a4 Ke5 30. a5 Kd6 31. Ba4 Nc7 32. Bb3 Nd5 33. b5 Nc3 34. b6 axb6 35. axb6 Kc6 36. Bg8 h6 37. Bh7 Nd1+ 38. Ke2 Nc3+ 39. Kd2 Nd5 40. Bxg6 Ne7 41. Bf7 Kxb6 42. Kc3 Kc5 43. h3 Nd5+ 44. Bxd5 Kxd5 45. Kb4 Ke5 46. Kc5 h5 47. h4 Ke6 48. Kc6 Ke5 49. Kd7 Kf6 50. Kd6 1-0


[Site "https://www.chess.com"]

[Event "Titled Tuesday Blitz March 15 Early 2022"]
[White "Gareyev, Timur"]
[Black "Bluebaum, Matthias"]
[WhiteFideId "14200937"]
[BlackFideId "24651516"]
[WhiteElo "2582"]
[BlackElo "2550"]
[Result "1-0"]
[Round "11"]
[TimeControl "180+1"]
[Date "2022.03.15"]
[WhiteClock "0:01:13"]
[BlackClock "0:00:02"]

1. d4 Nf6 2. Nf3 d5 3. c4 e6 4. Nc3 Bb4 5. Bg5 h6 6. Bd2 O-O 7. g4 Bxc3 8. Bxc3 Ne4 9. Qc2 Re8 10. h4 e5 11. dxe5 Bxg4 12. O-O-O c6 13. Rg1 Bxf3 14. exf3 Nxc3 15. Qxc3 Qxh4 16. Rg4 Qe7 17. f4 Na6 18. Bd3 dxc4 19. Rdg1 g5 20. Bxc4 b5 21. Qh3 Qc5 22. Qxh6 Qxc4+ 23. Kb1 Qe4+ 24. Ka1 f6 25. Qxf6 Re6 26. Rxg5+ 1-0


[Site "https://www.chess.com"]

[Event "Titled Tuesday Blitz March 15 Early 2022"]
[White "Gatterer, Florian"]
[Black "Chernomordik, Pavel"]
[WhiteFideId "811688"]
[BlackFideId "2804530"]
[WhiteElo "2218"]
[BlackElo "2249"]
[Result "0-1"]
[Round "11"]
[TimeControl "180+1"]
[Date "2022.03.15"]
[WhiteClock "0:00:46"]
[BlackClock "0:01:16"]

1. b3 g6 2. Bb2 Nf6 3. g3 Bg7 4. Bg2 O-O 5. e3 c5 6. c4 Nc6 7. Ne2 d6 8. d4 cxd4 9. exd4 Bf5 10. O-O Nb4 11. Na3 Qa5 12. Nb5 a6 13. a3 Nd3 14. Bc3 Qb6 15. h3 axb5 16. g4 Nxf2 17. Rxf2 Be4 18. Ng3 Bxg2 19. Kxg2 bxc4 20. bxc4 Qc6+ 21. Qf3 Qxc4 22. Rc1 Rxa3 23. Rfc2 Qd5 24. Qxd5 Nxd5 25. Bd2 Bxd4 26. h4 Be3 27. Nf1 Bxd2 28. Rxd2 Nf4+ 29. Kf2 Nd3+ 30. Rxd3 Rxd3 31. Rc7 b5 32. h5 Rb8 33. Ke2 Rd4 34. Kf3 b4 35. Ne3 b3 36. h6 b2 0-1


[Site "https://www.chess.com"]

[Event "Titled Tuesday Blitz March 15 Early 2022"]
[White "Goriatchkin, Jouri"]
[Black "Iskusnyh, Sergei"]
[WhiteFideId "4120183"]
[BlackFideId "4120027"]
[WhiteElo "1206"]
[BlackElo "2492"]
[Result "1-0"]
[Round "11"]
[TimeControl "180+1"]
[Date "2022.03.15"]
[WhiteClock "0:00:24"]
[BlackClock "0:00:03"]

1. d4 Nf6 2. c4 c5 3. Nf3 e6 4. Nc3 cxd4 5. Nxd4 a6 6. e3 Bb4 7. Bd2 Qc7 8. a3 Bxc3 9. Bxc3 Ne4 10. Bb4 Nc6 11. Nxc6 bxc6 12. Bd3 Nf6 13. O-O c5 14. Bc3 Bb7 15. b4 O-O 16. Qc2 cxb4 17. axb4 Ng4 18. g3 Qc6 19. e4 f5 20. Rae1 Rac8 21. f3 Nh6 22. Bb2 Qb6+ 23. Kh1 Qxb4 24. Bc1 d5 25. Bd2 1-0


[Site "https://www.chess.com"]

[Event "Titled Tuesday Blitz March 15 Early 2022"]
[White "Hambleton, Aman"]
[Black "Indjic, Aleksandar"]
[WhiteFideId "2606577"]
[BlackFideId "911925"]
[WhiteElo "2552"]
[BlackElo "2616"]
[Result "0-1"]
[Round "11"]
[TimeControl "180+1"]
[Date "2022.03.15"]
[WhiteClock "0:00:11"]
[BlackClock "0:01:59"]

1. d4 Nf6 2. c4 c5 3. d5 e6 4. Nc3 exd5 5. cxd5 d6 6. e4 g6 7. h3 Bg7 8. Bd3 O-O 9. Nf3 Re8 10. O-O Nbd7 11. Bf4 c4 12. Bc2 Nc5 13. Re1 b5 14. a3 Qb6 15. Nd4 Bd7 16. Be3 Qb7 17. f3 a5 18. Qd2 b4 19. axb4 axb4 20. Rxa8 Rxa8 21. Nce2 Ra2 22. Qc1 Qa6 23. Bb1 Ra1 24. Qd2 c3 25. bxc3 b3 26. Kf2 Rxb1 27. Rxb1 Nfxe4+ 28. fxe4 Nxe4+ 29. Ke1 Nxd2 30. Kxd2 Qa2+ 31. Kc1 Ba4 0-1


[Site "https://www.chess.com"]

[Event "Titled Tuesday Blitz March 15 Early 2022"]
[White "Hammer, Jon Ludvig"]
[Black "Dreev, Aleksey"]
[WhiteFideId "1503707"]
[BlackFideId "4100107"]
[WhiteElo "2607"]
[BlackElo "2625"]
[Result "0-1"]
[Round "11"]
[TimeControl "180+1"]
[Date "2022.03.15"]
[WhiteClock "0:00:16"]
[BlackClock "0:00:15"]

1. e4 c6 2. Nf3 d5 3. Nc3 dxe4 4. Nxe4 Nf6 5. Qe2 Nxe4 6. Qxe4 Nd7 7. d4 Nf6 8. Qd3 g6 9. Be2 Bg7 10. O-O O-O 11. Re1 Bf5 12. Qb3 Qb6 13. Bc4 Qxb3 14. Bxb3 Rfe8 15. Ne5 Nd5 16. Bd2 a5 17. a3 a4 18. Bxd5 cxd5 19. c3 f6 20. Nf3 e5 21. dxe5 fxe5 22. Be3 Rad8 23. Rad1 Bg4 24. Rd2 Bxf3 25. gxf3 d4 26. Bg5 Rc8 27. Rd3 Kf7 28. Bd2 Re6 29. Re4 Rb6 30. f4 exf4 31. Rxf4+ Kg8 32. cxd4 Rxb2 33. Bb4 Bf8 34. d5 Bxb4 35. axb4 Rb3 36. Rd1 a3 37. d6 a2 0-1


[Site "https://www.chess.com"]